[Event "Early-Titled-Tuesday-Blitz-April-23-2024"]
[Site "Chess.com"]
[Date "2024.04.23"]
[Round "11"]
[White "alvarorodriguezavila"]
[Black "Djager97"]
[Result "0-1"]
[WhiteElo "2350"]
[BlackElo "2534"]
[TimeControl "180+1"]
[EndTime "10:06:45 PDT"]
[Termination "Djager97 won by checkmate"]

1. e4 e5 2. Nf3 Nc6 3. Bb5 a6 4. Ba4 Nf6 5. O-O b5 6. Bb3 Bc5 7. a4 Rb8 8. axb5 axb5 9. Nxe5 Nxe5 10. d4 Bxd4 11. Qxd4 d6 12. Bg5 c5 13. Qe3 O-O 14. Nc3 h6 15. Bxf6 Qxf6 16. Nd5 Qd8 17. c3 Be6 18. Qg3 Nc4 19. Ra2 Bxd5 20. exd5 Nd2 21. Bc2 Nxf1 22. Qd3 g6 23. Kxf1 Re8 24. Qg3 Qe7 25. Ra6 Qe1# 0-1

[Event "Early-Titled-Tuesday-Blitz-April-23-2024"]
[Site "Chess.com"]
[Date "2024.04.23"]
[Round "11"]
[White "mishanick"]
[Black "rezamahdavi2008"]
[Result "1-0"]
[WhiteElo "3157"]
[BlackElo "2914"]
[TimeControl "180+1"]
[EndTime "10:06:52 PDT"]
[Termination "mishanick won by resignation"]

1. d4 Nf6 2. c4 b6 3. f3 Nc6 4.
d5 Ne5 5. e4 e6 6. Be3 Bb7 7.
Nc3 Be7 8. Nh3 O-O 9. Be2 Re8 10. O-O exd5 11. cxd5 c6 12. d6 Bf8 13. f4 Ng6 14. e5 Nd5 15. Nxd5 cxd5 16. Bd4 f6 17. Bh5 fxe5 18.
fxe5 Nxe5 19. Bxe8 Qxe8 20. Re1 Bxd6 21. Qe2 1-0

[Event "Early-Titled-Tuesday-Blitz-April-23-2024"]
[Site "Chess.com"]
[Date "2024.04.23"]
[Round "11"]
[White "inagreV"]
[Black "toninhojit"]
[Result "0-1"]
[WhiteElo "2405"]
[BlackElo "2554"]
[TimeControl "180+1"]
[EndTime "10:06:53 PDT"]
[Termination "toninhojit won by resignation"]

1. e4 c5 2. Nf3 d6 3. d4 cxd4 4.
Nxd4 Nf6 5. Nc3 a6 6. a4 e6 7.
a5 Be7 8. Bd3 O-O 9. O-O Nc6 10.
Nxc6 bxc6 11. Qe2 d5 12. Bf4 c5 13. exd5 exd5 14. Rfe1 Bd6 15. Bxd6 Qxd6 16. Qf3 Bg4 17. Qg3 Qxg3 18. hxg3 c4 19. Be2 Bf5 20. Bd1 d4 21. Ne2 Rad8 22. Nf4 g5 23. Nh5 Nxh5 24. Bxh5 Bxc2 0-1

[Event "Early-Titled-Tuesday-Blitz-April-23-2024"]
[Site "Chess.com"]
[Date "2024.04.23"]
[Round "11"]
[White "littlepinkyboy"]
[Black "Antosha_Chekhonte"]
[Result "1-0"]
[WhiteElo "2684"]
[BlackElo "2560"]
[TimeControl "180+1"]
[EndTime "10:06:55 PDT"]
[Termination "littlepinkyboy won by resignation"]

1. e4 c6 2. d4 d5 3. Nc3 dxe4 4. Nxe4 Nf6 5. Nxf6+ exf6 6. Nf3 Bd6 7. Be2 O-O 8. c3 Re8 9. Qc2 Qe7 10. Be3 f5 11. g3 f4 12. gxf4 Bg4 13. Ng5 f5 14. Bc4+ 1-0

[Event "Early-Titled-Tuesday-Blitz-April-23-2024"]
[Site "Chess.com"]
[Date "2024.04.23"]
[Round "11"]
[White "Mikhail_Bryakin"]
[Black "FuenfgegenWilly"]
[Result "1-0"]
[WhiteElo "2820"]
[BlackElo "2486"]
[TimeControl "180+1"]
[EndTime "10:07:03 PDT"]
[Termination "Mikhail_Bryakin won by resignation"]

1. e4 e5 2. d4 exd4 3. Qxd4 Nc6 4.
Qd3 Nf6 5. Nc3 Bb4 6. Bg5 h6 7. Bh4 d6 8. O-O-O Bxc3 9. Qxc3 g5 10. Bg3 Qe7 11. f3 Bd7 12. Bb5 O-O-O 13. Ne2 Ne5 14. Nd4 Bxb5 15. Nxb5 a6 16. Nd4 Kb8 17. Nf5 Qe6 18.
Rd2 Qxa2 19. b3 Qa3+ 20. Kb1 Nfd7 21. Rhd1 Nb6 22. Bxe5 Na4 23. Qa1 1-0

[Event "Early-Titled-Tuesday-Blitz-April-23-2024"]
[Site "Chess.com"]
[Date "2024.04.23"]
[Round "11"]
[White "PawnEatingZombie"]
[Black "ViktoriyaTarasova"]
[Result "1-0"]
[WhiteElo "2242"]
[BlackElo "2333"]
[TimeControl "180+1"]
[EndTime "10:07:15 PDT"]
[Termination "PawnEatingZombie won by resignation"]

1. e4 e5 2. Nf3 Nc6 3. Nc3 Nf6 4.
Bb5 Bc5 5. Nxe5 Nxe5 6. d4 Bb4 7.
dxe5 Nxe4 8. O-O Nxc3 9. bxc3 Bxc3 10. Qg4 O-O 11. Bg5 Qe8 12. Bf6 g6 13. Qg5 1-0

[Event "Early-Titled-Tuesday-Blitz-April-23-2024"]
[Site "Chess.com"]
[Date "2024.04.23"]
[Round "11"]
[White "yonaltimur"]
[Black "average_trans"]
[Result "1-0"]
[WhiteElo "2401"]
[BlackElo "2244"]
[TimeControl "180+1"]
[EndTime "10:07:17 PDT"]
[Termination "yonaltimur won by resignation"]

1. e4 d5 2. exd5 Qxd5 3. Nc3 Qa5 4. Bc4 Nf6 5. d4 Bf5 6. Nf3 e6 7. O-O c6 8. Re1 Qc7 9. Ne5 Nbd7 10. Bf4 Bd6 11.
Bg3 O-O-O 12. Nxf7 Bxg3 13. hxg3 h5 14. Nxd8 Kxd8 15. Bxe6 Bxe6 16. Rxe6 h4 17. Qf3 hxg3 18.
Qxg3 Qb6 19. d5 Qxb2 20. Rd1 cxd5 21. Nxd5 Nxd5 22. Rd6 Nb6 23. Rxd7+ Nxd7 24. Qb8+ Ke7 25. Qxh8 a5 26. Qh4+ Ke8 27. Re1+ Ne5 28. Qh5+ 1-0

[Event "Early-Titled-Tuesday-Blitz-April-23-2024"]
[Site "Chess.com"]
[Date "2024.04.23"]
[Round "11"]
[White "TokChess"]
[Black "marcodobrikov"]
[Result "1-0"]
[WhiteElo "2631"]
[BlackElo "2687"]
[TimeControl "180+1"]
[EndTime "10:07:42 PDT"]
[Termination "TokChess won by resignation"]

1. c4 g6 2. g3 Bg7 3. Bg2 Nf6 4. Nc3 O-O 5. d3 c6 6. Nf3 d5 7. O-O Bg4 8. cxd5 Nxd5 9. Bd2 Nxc3 10. Bxc3 Bxc3 11.
bxc3 Bxf3 12. Bxf3 Qa5 13. Qb3 b6 14. Qb4 Qxb4 15.
cxb4 Na6 16. a3 Rac8 17. Rfc1 Nb8 18. Rc4 Rfd8 19. Rac1 Rd6 20. d4 b5 21. Rc5 e6 22.
Rxb5 Rxd4 23. Rb7 a6 24. a4 a5 25. b5 c5 26. b6 Rxa4 27. Rc7 Rd8 28. b7 Kf8 29.
R1xc5 Rb4 30. Rc8 Ke7 31. Rxd8 Kxd8 32. Rc8+ Ke7 33. Rxb8 Rxb7 34. Rxb7+ 1-0

[Event "Early-Titled-Tuesday-Blitz-April-23-2024"]
[Site "Chess.com"]
[Date "2024.04.23"]
[Round "11"]
[White "stepanosinovsky"]
[Black "dianamirza"]
[Result "1-0"]
[WhiteElo "2379"]
[BlackElo "2017"]
[TimeControl "180+1"]
[EndTime "10:07:45 PDT"]
[Termination "stepanosinovsky won by resignation"]

1. e4 c5 2. Nf3 Nc6 3. Bb5 Qc7 4. O-O a6 5. Bxc6 Qxc6 6. d4 cxd4 7. Nxd4 Qxe4 8. Nc3 Qg6 9. Nd5 Qd6 10. c4 Nf6 11. Bf4 e5 12. Bxe5 Qxe5 13. Re1 Qxe1+ 14. Qxe1+ Kd8 15.
Qa5+ 1-0

[Event "Early-Titled-Tuesday-Blitz-April-23-2024"]
[Site "Chess.com"]
[Date "2024.04.23"]
[Round "11"]
[White "Harry_Rakkel"]
[Black "djano"]
[Result "1/2-1/2"]
[WhiteElo "2702"]
[BlackElo "2627"]
[TimeControl "180+1"]
[EndTime "10:07:48 PDT"]
[Termination "Game drawn by repetition"]

1. e4 c5 2. Nf3 g6 3. d4 cxd4 4.
Nxd4 Nf6 5. Nc3 Nc6 6. Nxc6 dxc6 7. Qxd8+ Kxd8 8. Bc4 Ke8 9. a4 h5 10. a5 Bh6 11.
Bxh6 Rxh6 12. Ke2 Nd7 13. b4 Ne5 14. Bb3 g5 15. h4 g4 16. f4 gxf3+ 17. gxf3 Be6 18.
Bxe6 Rxe6 19. Rad1 Rd8 20. Rxd8+ Kxd8 21. Rg1 Rg6 22.
Rg5 f6 23. Rxh5 Rg2+ 24. Kd1 Rg1+ 25. Ke2 Rg2+ 26. Kd1 Rg1+ 27. Ke2 Rg2+ 1/2-1/2

[Event "Early-Titled-Tuesday-Blitz-April-23-2024"]
[Site "Chess.com"]
[Date "2024.04.23"]
[Round "11"]
[White "yaguigor"]
[Black "kidagent"]
[Result "1-0"]
[WhiteElo "2575"]
[BlackElo "2358"]
[TimeControl "180+1"]
[EndTime "10:07:51 PDT"]
[Termination "yaguigor won by resignation"]

1. d4 d5 2. c4 c6 3. Nc3 Nf6 4. Nf3 dxc4 5. a4 Bf5 6. e3 e6 7. Bxc4 Bb4 8. O-O Nbd7 9. Qe2 Bg6 10. Nh4 O-O 11. Nxg6 hxg6 12. Rd1 Qa5 13. Bd2 e5 14. d5 Rac8 15. dxc6 bxc6 16. Be1 Nb6 17. Ba6 Rcd8 18. f3 Bc5 19. Nd5 Qxa6 20. Nxf6+ 1-0

[Event "Early-Titled-Tuesday-Blitz-April-23-2024"]
[Site "Chess.com"]
[Date "2024.04.23"]
[Round "11"]
[White "KubaGepard"]
[Black "LLariMarc"]
[Result "1-0"]
[WhiteElo "2614"]
[BlackElo "2494"]
[TimeControl "180+1"]
[EndTime "10:07:55 PDT"]
[Termination "KubaGepard won by checkmate"]

1. d4 Nf6 2. Nf3 d5 3. c4 e6 4. Nc3 a6 5. e3 Nbd7 6. c5 b6 7. cxb6 cxb6 8. Bd3 Bb7 9. O-O Bd6 10. Qc2 O-O 11. b3 Rc8 12. Bb2 b5 13. Qe2 Qa5 14.
Rac1 Rc7 15. Ne5 Nxe5 16. dxe5 Bxe5 17. Nxd5 Rxc1 18. Rxc1 Bxb2 19. Ne7+ Kh8 20. Qxb2 Qd8 21. Qa3 Qxd3 22. Ng6+ Qxg6 23. Qxf8+ Ng8 24. f3 Bxf3 25. Qxg8+ Kxg8 26. Rc8# 1-0

[Event "Early-Titled-Tuesday-Blitz-April-23-2024"]
[Site "Chess.com"]
[Date "2024.04.23"]
[Round "11"]
[White "nekotyanof"]
[Black "FXDon77"]
[Result "0-1"]
[WhiteElo "2690"]
[BlackElo "2864"]
[TimeControl "180+1"]
[EndTime "10:07:57 PDT"]
[Termination "FXDon77 won by resignation"]

1. e4 c5 2. Nf3 Nc6 3. Bb5 e6 4.
O-O Nge7 5. Re1 Nd4 6. Nxd4 cxd4 7.
c3 a6 8. Bf1 Nc6 9. d3 g6 10.
Nd2 Bg7 11. cxd4 Nxd4 12. Nc4 d6 13. Bf4 e5 14. Bd2 Nc6 15. a4 O-O 16. Bc3 Be6 17. a5 Qe7 18. g3 Rad8 19. Bg2 h5 20. Nb6 h4 21. f4 hxg3 22. hxg3 exf4 23. gxf4 Qh4 24.
Qf3 Bd4+ 25. Kf1 Bg4 0-1

[Event "Early-Titled-Tuesday-Blitz-April-23-2024"]
[Site "Chess.com"]
[Date "2024.04.23"]
[Round "11"]
[White "Msb2"]
[Black "Makswolf200817"]
[Result "1-0"]
[WhiteElo "3054"]
[BlackElo "2818"]
[TimeControl "180+1"]
[EndTime "10:08:00 PDT"]
[Termination "Msb2 won by resignation"]

1. d4 d5 2. c4 e6 3. Nc3 c6 4. Nf3 dxc4 5. e4 b5 6. Qc2 Bb7 7.
Be2 Nd7 8. O-O Ngf6 9. b3 cxb3 10. axb3 a6 11. e5 Nd5 12. Nxd5 cxd5 13. Qd2 Rc8 14. Qf4 h6 15. h4 Nb8 16. Be3 Be7 17. Qg4 Bf8 18.
Ne1 Nc6 19. Nd3 f5 20. exf6 Qxf6 21. Nf4 Kf7 22. Bd3 Rc7 23. Bg6+ Ke7 24. Nh5 Ne5 1-0

[Event "Early-Titled-Tuesday-Blitz-April-23-2024"]
[Site "Chess.com"]
[Date "2024.04.23"]
[Round "11"]
[White "Ramu_K_FM_FT"]
[Black "Roedor"]
[Result "0-1"]
[WhiteElo "2124"]
[BlackElo "2352"]
[TimeControl "180+1"]
[EndTime "10:08:05 PDT"]
[Termination "Roedor won by resignation"]

1. e4 e5 2. Nf3 Nc6 3. Bb5 Nf6 4. Ba4 Nxe4 5. O-O Nc5 6. d4 Nxa4 7. d5 Ne7 8. Nxe5 d6 9. b3 Nb6 10. Nd3 Nexd5 11. Ne5 dxe5 12. c4 Nf6 13. Qe2 Be7 14. Bb2 O-O 15. Bxe5 Bd6 16. Qb2 Bxe5 17. Qxe5 Re8 18.
Nc3 Rxe5 0-1

[Event "Early-Titled-Tuesday-Blitz-April-23-2024"]
[Site "Chess.com"]
[Date "2024.04.23"]
[Round "11"]
[White "BurningggIce"]
[Black "SharapovEvgeny"]
[Result "0-1"]
[WhiteElo "2454"]
[BlackElo "2624"]
[TimeControl "180+1"]
[EndTime "10:08:06 PDT"]
[Termination "SharapovEvgeny won by resignation"]

1. d4 d5 2. c4 c6 3. Nc3 Nf6 4. e3 e6 5. Nf3 Nbd7 6. Bd3 dxc4 7. Bxc4 b5 8. Be2 Bb7 9. e4 b4 10. e5 c5 11. exf6 bxc3 12. fxg7 Bxg7 13. bxc3 cxd4 14. cxd4 O-O 15. O-O Nb6 16. Rb1 Rb8 17. Bd3 h6 18. Bf4 Rc8 19. Qe2 Bxf3 20. Qxf3 Qxd4 21. Rfd1 Qf6 22.
Qe4 Rfd8 23. Ba6 Rxd1+ 24. Rxd1 Rd8 25. Rc1 Nd5 26. Bg3 Qb2 27. Qc4 Nb4 28. Qc7 Bf6 29. Qf4 Nxa6 30. Qxh6 Bg7 31. Qg5 Qd2 32. Bf4 Qd1+ 0-1

[Event "Early-Titled-Tuesday-Blitz-April-23-2024"]
[Site "Chess.com"]
[Date "2024.04.23"]
[Round "11"]
[White "rikchessmx"]
[Black "DamianoLew95"]
[Result "1-0"]
[WhiteElo "2299"]
[BlackElo "2739"]
[TimeControl "180+1"]
[EndTime "10:08:17 PDT"]
[Termination "rikchessmx won by resignation"]

1. e4 c5 2. Nf3 d6 3. d4 cxd4 4. Nxd4 Nf6 5. Nc3 Nc6 6. Bc4 Qb6 7. Nde2 e6 8. Bb3 Be7 9. Be3 Qc7 10. Nb5 Qb8 11. Bf4 e5 12. Be3 Nxe4 13. Qd5 f5 14.
Qf7+ Kd8 15. O-O-O a6 16. Nbc3 Rf8 17. Bb6+ Qc7 18.
Bxc7+ Kxc7 19. Qxg7 Bd7 20. Nd5+ Kd8 1-0

[Event "Early-Titled-Tuesday-Blitz-April-23-2024"]
[Site "Chess.com"]
[Date "2024.04.23"]
[Round "11"]
[White "theoneandonlydaaevik"]
[Black "CSB7"]
[Result "0-1"]
[WhiteElo "2602"]
[BlackElo "2810"]
[TimeControl "180+1"]
[EndTime "10:08:20 PDT"]
[Termination "CSB7 won by resignation"]

1. d4 Nf6 2. c4 g6 3. Nc3 d5 4. e4 dxe4 5. Bg5 Bg7 6. Nge2 O-O 7.
Bxf6 exf6 8. Nxe4 f5 9. N4c3 Re8 10. Qd2 Qxd4 11. Qxd4 Bxd4 12. O-O-O Bg7 13. Nb5 Na6 14.
Nec3 Be6 15. Be2 c6 16. Nd6 Re7 17. Kc2 Rd8 18. Nxf5 Bxf5+ 0-1

[Event "Early-Titled-Tuesday-Blitz-April-23-2024"]
[Site "Chess.com"]
[Date "2024.04.23"]
[Round "11"]
[White "Naruto75_3"]
[Black "hmatyi07"]
[Result "1/2-1/2"]
[WhiteElo "2378"]
[BlackElo "2310"]
[TimeControl "180+1"]
[EndTime "10:08:24 PDT"]
[Termination "Game drawn by repetition"]

1. d4 Nf6 2. c4 e6 3. Nc3 d5 4. cxd5 Nxd5 5. e4 Nxc3 6. bxc3 c5 7. Rb1 cxd4 8. cxd4 b6 9. Nf3 Bb7 10. Be3 Bxe4 11. Bb5+ Bc6 12. O-O Bxb5 13. Rxb5 Be7 14. Ne5 O-O 15. Qf3 Nd7 16. Nc6 Qe8 17. Rh5 Nf6 18.
Rh3 Nd5 19. Qh5 Nf6 20. Qf3 Nd5 21. Qh5 Nf6 22. Qf3 1/2-1/2

[Event "Early-Titled-Tuesday-Blitz-April-23-2024"]
[Site "Chess.com"]
[Date "2024.04.23"]
[Round "11"]
[White "GalaxyRoman"]
[Black "Durarbayli"]
[Result "1-0"]
[WhiteElo "2803"]
[BlackElo "2916"]
[TimeControl "180+1"]
[EndTime "10:08:39 PDT"]
[Termination "GalaxyRoman won by resignation"]

1. e4 e6 2. d4 d5 3. Nc3 Nf6 4. e5 Nfd7 5. f4 c5 6. Nf3 Nc6 7. Be3 cxd4 8. Nxd4 Qb6 9. Qd2 Qxb2 10. Rb1 Qa3 11.
Ncb5 Qxa2 12. Rb3 Nc5 13. Nc7+ Kd7 14. Nxa8 Nxb3 15. Nxb3 Bb4 16. c3 Qxb3 17. cxb4 b6 18. Bb5 Qb1+ 19. Kf2 Qxh1 20. Qa2 a6 21. Bxc6+ Kxc6 22. Qc2+ Kb7 23. Qc7+ Kxa8 24. Qxb6 d4 25. Bxd4 1-0

[Event "Early-Titled-Tuesday-Blitz-April-23-2024"]
[Site "Chess.com"]
[Date "2024.04.23"]
[Round "11"]
[White "duone"]
[Black "Unkreativ3"]
[Result "0-1"]
[WhiteElo "2446"]
[BlackElo "2592"]
[TimeControl "180+1"]
[EndTime "10:08:49 PDT"]
[Termination "Unkreativ3 won by resignation"]

1. e4 e6 2. d4 d5 3. Nc3 Nf6 4. Bg5 dxe4 5. Nxe4 Nbd7 6. Nf3 Be7 7. Nxf6+ Nxf6 8. Bd3 b6 9. c3 Bb7 10. O-O O-O 11.
Ne5 h6 12. Bf4 c5 13. Bc2 cxd4 14. cxd4 Rc8 15. Qd3 Be4 16. Qg3 Rxc2 17. Bxh6 Nh5 18. Qg4 Bf5 19. Qxh5 gxh6 20. Qxh6 Qxd4 21. Rae1 Qh4 22. Qe3 Bc5 23. Qf3 Rxb2 24. g3 Qg5 25. Rd1 Bh3 26. Nd7 Bxf1 27. Nxf8 Rxf2 28. Qxf2 Bxf2+ 29. Kxf2 Bb5 30. Rf1 Qc5+ 31. Kg2 Bxf1+ 32. Kxf1 Kxf8 0-1

[Event "Early-Titled-Tuesday-Blitz-April-23-2024"]
[Site "Chess.com"]
[Date "2024.04.23"]
[Round "11"]
[White "Naruna_Chan"]
[Black "Navyblue1"]
[Result "1/2-1/2"]
[WhiteElo "2355"]
[BlackElo "2259"]
[TimeControl "180+1"]
[EndTime "10:09:03 PDT"]
[Termination "Game drawn by agreement"]

1. e4 c5 2. c3 Nf6 3. e5 Nd5 4. Bc4 Nb6 5. Bb3 d6 6. exd6 Qxd6 7. Nf3 Nc6 8. h3 Bf5 9. O-O e6 10. d4 cxd4 11. Nxd4 Nxd4 12. Qxd4 Qxd4 13. cxd4 Rd8 14. Be3 Be7 15. Nc3 O-O 16. Rad1 Bf6 17. g4 Bg6 18. g5 Be7 19. d5 exd5 20. Nxd5 Nxd5 21. Rxd5 Rxd5 22.
Bxd5 b6 23. f4 Bf5 24. Kg2 Rd8 25. Bb3 Kf8 26. Rd1 Be4+ 27. Kg3 Rxd1 28. Bxd1 f6 29. Bf3 Bxf3 30. Kxf3 f5 31. Bd4 g6 32. Ke3 Ke8 33.
Be5 Kd7 34. Bb8 Bc5+ 35. Kd3 a6 36. Kc4 Kc6 37. Be5 b5+ 38. Kd3 a5 39. b3 Kd5 40.
a4 bxa4 41. bxa4 Bb4 42. Bc7 Be1 1/2-1/2

[Event "Early-Titled-Tuesday-Blitz-April-23-2024"]
[Site "Chess.com"]
[Date "2024.04.23"]
[Round "11"]
[White "Sam_ChessMood"]
[Black "Oleksandr_Bortnyk"]
[Result "0-1"]
[WhiteElo "2980"]
[BlackElo "3117"]
[TimeControl "180+1"]
[EndTime "10:09:07 PDT"]
[Termination "Oleksandr_Bortnyk won by resignation"]

1. d4 Nf6 2. c4 b6 3. Nc3 Bb7 4. Qc2 g6 5. e4 d6 6. Nf3 Bg7 7. g3 O-O 8. Bg2 c5 9. d5 Na6 10. O-O e6 11. h3 exd5 12. exd5 Nc7 13. a4 a6 14. Bf4 b5 15. b3 b4 16. Ne2 Re8 17.
Rae1 Bc8 18. Nh4 Nh5 19. Bc1 Qf6 20. Kh2 Bd7 21. Qd2 Re7 22. Nf4 Nxf4 23. Qxf4 Rae8 24. Qxf6 Bxf6 25. Rxe7 Rxe7 26. Bf4 Ne8 27. Nf3 Re2 28. Nd2 Bf5 29. Bf3 Re7 30. Be3 Bc3 31.
Re1 Bxd2 32. Bxd2 Rxe1 33. Bxe1 Bc2 0-1

[Event "Early-Titled-Tuesday-Blitz-April-23-2024"]
[Site "Chess.com"]
[Date "2024.04.23"]
[Round "11"]
[White "Keranke"]
[Black "GlavkonVVS"]
[Result "1-0"]
[WhiteElo "2867"]
[BlackElo "2632"]
[TimeControl "180+1"]
[EndTime "10:09:10 PDT"]
[Termination "Keranke won by resignation"]

1. c4 Nf6 2. g3 c5 3. Bg2 Nc6 4. Nf3 d6 5. O-O g6 6. d4 cxd4 7. Nxd4 Bd7 8. Nc3 Bg7 9. Nc2 O-O 10. b3 a6 11. Bb2 Rc8 12. Qd2 Qa5 13. Rfd1 Rfe8 14. Ne3 b5 15. Rac1 b4 16. Ncd5 Nxd5 17. Nxd5 Qxa2 18. Bxg7 Qxd2 19. Rxd2 Kxg7 20. Nb6 Na5 21.
Rb1 Rc7 22. Nxd7 Rxd7 23. Ra2 Nb7 24. Bc6 Red8 25. Bxd7 Rxd7 26. Rxa6 Nc5 27. Rb6 Rb7 28.
Rxb7 Nxb7 29. Kf1 Nc5 30. Ke1 f5 31. f3 e5 32. Kd2 Kf6 33. Kc2 Ne6 34. Rd1 Nd4+ 35. Rxd4 exd4 36. Kd3 f4 37. gxf4 Kf5 38. Kxd4 Kxf4 39. Kd5 Ke3 40. Kxd6 Kxe2 41. c5 Kd3 42. c6 Kc3 43. c7 Kxb3 44. c8=Q 1-0

[Event "Early-Titled-Tuesday-Blitz-April-23-2024"]
[Site "Chess.com"]
[Date "2024.04.23"]
[Round "11"]
[White "koncheto"]
[Black "Rakhmanov_Aleksandr"]
[Result "0-1"]
[WhiteElo "2643"]
[BlackElo "2870"]
[TimeControl "180+1"]
[EndTime "10:09:13 PDT"]
[Termination "Rakhmanov_Aleksandr won by resignation"]

1. e4 d5 2. exd5 c6 3. dxc6 Nxc6 4. Nf3 e5 5. Nc3 Bc5 6. Bb5 Ne7 7. h3 O-O 8. O-O a6 9. Bc4 Ng6 10. d3 h6 11. Re1 Kh8 12. Be3 Bb4 13. a3 Bxc3 14.
bxc3 f5 15. Bc5 Rf6 16. a4 b6 17. Ba3 Bb7 18. h4 Nf4 19. Nxe5 Nxe5 20. Rxe5 Rg6 21. g3 Qxh4 0-1

[Event "Early-Titled-Tuesday-Blitz-April-23-2024"]
[Site "Chess.com"]
[Date "2024.04.23"]
[Round "11"]
[White "AlexTruskavetsky"]
[Black "bazar-wokzal"]
[Result "0-1"]
[WhiteElo "2682"]
[BlackElo "2616"]
[TimeControl "180+1"]
[EndTime "10:09:14 PDT"]
[Termination "bazar-wokzal won by checkmate"]

1. d4 Nf6 2. c4 Nc6 3. Nf3 e6 4. Nc3 Bb4 5. e3 Bxc3+ 6. bxc3 O-O 7. Bd3 b6 8. O-O Ba6 9. Nd2 Na5 10. Qe2 d6 11. e4 e5 12. f4 c5 13. fxe5 dxe5 14. d5 Ne8 15. Nb3 Nb7 16. Be3 Ned6 17. Rf2 Qd7 18. a4 f5 19. exf5 Nxf5 20. Bd2 Nfd6 21. Rxf8+ Rxf8 22. Qxe5 Bxc4 23. Bc2 Bxb3 24.
Bxb3 c4 25. Bc2 Nc5 26. Qd4 Nb3 27. Bxb3 cxb3 28. Rb1 Qf5 29. Re1 b2 30. Qb4 Qf2+ 31. Kh1 Qf1+ 32. Rxf1 Rxf1# 0-1

[Event "Early-Titled-Tuesday-Blitz-April-23-2024"]
[Site "Chess.com"]
[Date "2024.04.23"]
[Round "11"]
[White "EliteChess0967"]
[Black "ChainedDowntohell"]
[Result "0-1"]
[WhiteElo "2442"]
[BlackElo "2571"]
[TimeControl "180+1"]
[EndTime "10:09:20 PDT"]
[Termination "ChainedDowntohell won by resignation"]

1. d4 d5 2. Nf3 Bf5 3. g3 c6 4. Bg2 e6 5. O-O h6 6. c4 Nf6 7. Nc3 Be7 8. b3 O-O 9. Nd2 Nbd7 10. e4 dxe4 11. Ndxe4 Qa5 12. Bb2 Rfd8 13. Qe2 Rac8 14. Rfd1 Ba3 15. Rac1 Nxe4 16. Nxe4 b5 17. Bxa3 Qxa3 18.
Nc3 bxc4 19. Qxc4 c5 20. Nb5 Qxa2 21. Nd6 Nb6 22. Qb5 Rxd6 23. dxc5 Rxd1+ 24. Rxd1 Nd5 25. Bxd5 exd5 26. c6 Qc2 27. Re1 Qxc6 0-1

[Event "Early-Titled-Tuesday-Blitz-April-23-2024"]
[Site "Chess.com"]
[Date "2024.04.23"]
[Round "11"]
[White "aanshnerurkar"]
[Black "lucasran"]
[Result "1-0"]
[WhiteElo "2399"]
[BlackElo "2571"]
[TimeControl "180+1"]
[EndTime "10:09:21 PDT"]
[Termination "aanshnerurkar won on time"]

1. e4 e5 2. Nf3 Nc6 3. Bc4 Bc5 4. c3 Nf6 5. d4 exd4 6. e5 d5 7. Bb5 Ne4 8. cxd4 Bb6 9. Nc3 O-O 10. Be3 Bg4 11.
h3 Bxf3 12. gxf3 Nxc3 13. bxc3 f6 14. f4 fxe5 15. fxe5 Ne7 16. Bd3 Nf5 17. Qg4 Nxe3 18.
fxe3 Ba5 19. Rg1 Bxc3+ 20. Ke2 Qe7 21. Qh5 h6 22. Qg6 Qd7 23. Qh7+ Kf7 24. Rxg7+ Ke8 25. Rxd7 1-0

[Event "Early-Titled-Tuesday-Blitz-April-23-2024"]
[Site "Chess.com"]
[Date "2024.04.23"]
[Round "11"]
[White "Kushch_Nikolai"]
[Black "chess_sharparchitect"]
[Result "0-1"]
[WhiteElo "2357"]
[BlackElo "2235"]
[TimeControl "180+1"]
[EndTime "10:09:21 PDT"]
[Termination "chess_sharparchitect won by resignation"]

1. Nf3 d5 2. c4 Nf6 3. d4 e6 4.
Nc3 c6 5. e3 Nbd7 6. Qc2 Be7 7.
Bd3 dxc4 8. Bxc4 b5 9. Bb3 a6 10. O-O O-O 11. a4 Bb7 12. e4 b4 13. Ne2 c5 14. Ng3 Rc8 15. Qe2 cxd4 16. e5 Bxf3 17. gxf3 d3 18. Qe1 Nd5 19. f4 Nc5 20. Bc4 f5 21.
Bd2 a5 22. b3 Qd7 23. Rc1 Rfd8 24. Qd1 Ne4 25. Re1 Ndc3 26. Bxc3 bxc3 27. Nxe4 fxe4 28. Rxe4 c2 29. Qd2 Bb4 30. Qe3 d2 0-1

[Event "Early-Titled-Tuesday-Blitz-April-23-2024"]
[Site "Chess.com"]
[Date "2024.04.23"]
[Round "11"]
[White "AccioChess"]
[Black "margarita_2703"]
[Result "1-0"]
[WhiteElo "2435"]
[BlackElo "2305"]
[TimeControl "180+1"]
[EndTime "10:09:23 PDT"]
[Termination "AccioChess won by resignation"]

1. e4 e5 2. d4 exd4 3. Qxd4 Nc6 4. Qe3 Nf6 5. Nc3 Bb4 6. Bd2 O-O 7. O-O-O Re8 8. f3 d5 9. Qf2 dxe4 10. Nxe4 Nxe4 11. fxe4 Bxd2+ 12. Rxd2 Qe7 13. Nf3 Be6 14. a3 Rad8 15.
Bb5 Rxd2 16. Nxd2 Rd8 17. Bxc6 bxc6 18. Qxa7 Qg5 19. Qf2 Qe5 20. Nb1 Qxe4 21. Nc3 Qc4 22. Rd1 Rb8 23. Qg3 h5 24. Qxc7 Rc8 25. Rd8+ Rxd8 26. Qxd8+ Kh7 27. Qd3+ Qxd3 28. cxd3 h4 29. a4 Bc8 30. Kd2 g5 31. a5 Kg6 32. Ne4 f5 33. Nc5 f4 34. a6 Bxa6 35. Nxa6 g4 36. Ke2 Kf5 37. Nb4 c5 38. Nc2 c4 39. dxc4 Ke4 40.
b4 h3 41. gxh3 gxh3 42. Ne1 1-0

[Event "Early-Titled-Tuesday-Blitz-April-23-2024"]
[Site "Chess.com"]
[Date "2024.04.23"]
[Round "11"]
[White "Shankland"]
[Black "MagnusCarlsen"]
[Result "0-1"]
[WhiteElo "3059"]
[BlackElo "3225"]
[TimeControl "180+1"]
[EndTime "10:09:28 PDT"]
[Termination "MagnusCarlsen won by resignation"]

1. d4 Nc6 2. e4 d5 3. e5 Bf5 4. Nf3 e6 5. c3 f6 6. Bb5 Qd7 7.
O-O Nge7 8. Re1 a6 9. Ba4 Ng6 10. Nbd2 b5 11. Bc2 Bxc2 12. Qxc2 fxe5 13. Nxe5 Ncxe5 14. dxe5 Be7 15. Nb3 O-O 16. Be3 Nxe5 17. Bc5 Bd6 18.
Qe2 Rae8 19. Rad1 Nc4 20. Bxd6 Qxd6 21. Nd4 e5 22. Nf3 e4 23. Nd4 Ne5 24. Qe3 Ng4 25. Qg3 Qxg3 26. fxg3 Nf2 27. Rd2 Nd3 28. Re3 c5 29.
Ne2 Re5 30. b3 Rd8 31. Nf4 Nxf4 32. gxf4 Ree8 33. Re1 d4 34. cxd4 cxd4 35. Red1 d3 36. g4 e3 0-1

[Event "Early-Titled-Tuesday-Blitz-April-23-2024"]
[Site "Chess.com"]
[Date "2024.04.23"]
[Round "11"]
[White "Chxss_Khxsbu"]
[Black "jlmanzanares"]
[Result "1-0"]
[WhiteElo "1808"]
[BlackElo "2007"]
[TimeControl "180+1"]
[EndTime "10:09:28 PDT"]
[Termination "Chxss_Khxsbu won by resignation"]

1. e4 e6 2. d4 d5 3. Nc3 Nf6 4. Bg5 Be7 5. e5 Nfd7 6. Bxe7 Qxe7 7. f4 a6 8. Nf3 c5 9. Be2 Nc6 10. Na4 cxd4 11. Nxd4 Ndxe5 12. fxe5 Qh4+ 13. Kf1 Qxd4 14.
Qxd4 Nxd4 15. Bd3 Bd7 16. Nb6 Rd8 17. c3 Nc6 18. Re1 O-O 19. Kf2 f6 20. Kg3 fxe5 21. Rhf1 e4 22. Rxf8+ Kxf8 23. Rf1+ Ke7 24. Be2 Ne5 25.
Kf4 Ng6+ 26. Ke3 Bc6 27. Bh5 e5 28. Bxg6 hxg6 29. g4 d4+ 30. cxd4 exd4+ 31. Kd2 e3+ 32. Kc2 d3+ 33. Kc3 e2 34. Re1 Bf3 35. Kd2 Bxg4 36.
Nc4 Bf5 37. Ne5 Rc8 38. Nxd3 Bxd3 39. Kxd3 Rc6 40. Rxe2+ Re6 41. Rc2 Kf6 42. Rc7 Re7 43. Rxe7 Kxe7 44. Ke4 Ke6 45. h4 b6 46. b4 b5 47. a3 Kd6 48. Kd4 Ke6 49. Ke4 Kf6 50.
Kf4 Kf7 51. Ke5 Ke7 52. Kd5 Kf6 53. Kc6 Kf5 54. Kb6 Kg4 55. Kxa6 Kxh4 56. Kxb5 g5 57. a4 g4 58. a5 g3 59. a6 g2 60. a7 g1=Q 61. a8=Q Qa7 62. Qxa7 1-0